 Dungeon Crawl Stone Soup version 0.28.0 (webtiles) character file.

Game seed: 11974453180293681226

2254 RighteousDevil the Cleaver (level 9, -3/73 HPs)
             Began as a Deep Dwarf Gladiator on Feb 14, 2022.
             Killed from afar by an acid dragon (29 damage)
             ... with a splash of acid
             ... on level 6 of the Dungeon.
             The game lasted 00:10:10 (4717 turns).

RighteousDevil the Cleaver (Deep Dwarf Gladiator)   Turns: 4717, Time: 00:10:11

Health: -3/73      AC:  6    Str: 22    XL:     9   Next: 15%
Magic:  6/6        EV: 12    Int:  9    God:
Gold:   178        SH:  5    Dex: 20    Spells: 8/8 levels left

rFire   + . .      SeeInvis .   a - +2 war axe (spect)
rCold   . . .      Faith    .   (no shield)
rNeg    . . .      Spirit   .   r - +4 ring mail
rPois   .          Reflect  +   c - +0 helmet
rElec   .          Harm     .   (no cloak)
rCorr   .          Rampage  .   (no gloves)
Will    +....                   (no boots)
Stlth   +.........              g - amulet of reflection
HPRegen 0.00/turn               o - ring of protection from fire
MPRegen 0.10/turn               t - +6 ring of dexterity

@: corroded
A: damage resistance, heal wounds, sense surroundings 2, no regeneration
a: Heal Wounds


You were on level 6 of the Dungeon.
You visited 1 branch of the dungeon, and saw 6 of its levels.
You also visited: Ossuary.

You collected 323 gold pieces.
You spent 145 gold pieces at shops.

Inventory:

Hand Weapons
 a - a +2 spectral war axe (weapon)
 b - a +4 antimagic flail
Missiles
 d - 4 throwing nets (quivered)
 k - 3 javelins
Armour
 c - a +0 helmet (worn)
 r - a +4 ring mail (worn)
Jewellery
 g - an amulet of reflection (around neck)
 o - a ring of protection from fire (left hand)
 q - a ring of magical power
 t - a +6 ring of dexterity (right hand)
Wands
 h - a wand of iceblast (19)
 C - a wand of polymorph (12)
Scrolls
 e - a scroll of fear
 i - 4 scrolls of teleportation
 l - a scroll of enchant armour
 n - a scroll of blinking {unknown}
 v - 2 scrolls of magic mapping {unknown}
 y - 4 scrolls of identify
 z - a scroll of immolation {unknown}
 A - 2 scrolls of amnesia {unknown}
Potions
 f - 3 potions of haste {unknown}
 j - 4 potions of curing
 m - 3 potions of mutation
 p - 3 potions of flight {unknown}
 s - 4 potions of lignification {unknown}
 u - a potion of brilliance {unknown}
 w - a potion of cancellation {unknown}
 x - a potion of resistance {unknown}
 B - a potion of attraction {unknown}
 D - 2 potions of heal wounds {unknown}
 E - a potion of might {unknown}


   Skills:
 - Level 1.7 Fighting
 + Level 13.5 Axes
 - Level 1.7 Throwing
 - Level 3.2 Dodging


You had 8 spell levels left.
You didn't know any spells.
Your spell library was empty.

Dungeon Overview and Level Annotations

Branches:
Dungeon (6/15)            Ossuary (visited)
 Temple: D:4-7

Altars:
Dithmenos
Elyvilon
Fedhas
Ru
Uskayaw
Wu Jian
Xom

Shops:
D:3 =   D:4 ?   D:6 !

Annotations:
D:3 1 runed translucent door, Crazy Yiuf


Innate Abilities, Weirdness & Mutations

You are resistant to damage.
You can heal yourself by infusing magical energy.
You passively map the area around you.
You do not regenerate.


Message History

There is an open door here.
D - 2 glowing silvery potions
There is an open door here.
You open the door.
There is an open door here.
You open the door.
There is an open door here.
You open the door.
There is an open door here.
You open the door.
There is an open door here.
E - a white potion
There is an open door here.
You open the door.
Found Penliriv's Distillery.
There is an open door here.
There is an entrance to Penliriv's Distillery here.
F - a potion of degeneration Thank you for shopping at Penliriv's Distillery!
You drop a potion of degeneration.
There is an open door here.
You open the door.
There is an open door here.
You open the door.
There is an open door here.
You open the door.
There is an open door here.
An acid dragon comes into view.
The acid dragon roars!
The acid dragon spits acid at you. The splash of acid hits you!!
* * * LOW HITPOINT WARNING * * *
The acid corrodes you!
Unknown command.
Unknown command.
You feel better.
You fail to use your ability.
The acid dragon spits acid at you. The splash of acid hits you!!
You die...

....#...#.#[#.#.#.#.#...#..#.....
... ##....##.#.#.##.....'..#.....
.. ,##.###..#.#.#..###..#..#.....
., #..# ..#.#.#.#...#..#..#.....
,#..###..#.#.#D.###..#..#..... ,
#.....##.#.#.##.....#+##..... ,
,##..#.#?#.#D#.#.#...#..#.....
....#.....###...###.....#..#.....
..[.#..###...#.#@..###..#..#.....
....#..###.#.#(#.#.###..#..#.....
....#+..##...###...##...#(.#.....
....#...................#..#.....
....#......#....####....#..#.....
....#......#....#..######..#.....
....'..##+##....#..........#.....
....#..##..#....#..........#.....
....#..##..#....#..........#.....


You could see an acid dragon (catching breath).

Vanquished Creatures
  Sigmund (D:4)
  A wyvern (D:6)
  Menkaure (D:4)
  Edmund (D:4)
  A water moccasin (D:4)
  3 black bears
  4 ogres
  A scorpion (D:5)
  A gnoll sergeant (D:5)
  A wyvern zombie (D:6)
  2 water moccasin zombies (Ossuary)
  A water moccasin skeleton (D:4)
  2 hounds
  2 jellies
  2 centaur skeletons
  A gnoll shaman (D:6)
  An orc priest (D:6)
  Ijyb (D:5)
  3 iguanas
  A hound skeleton (D:5)
  A howler monkey zombie (D:5)
  2 mummies (Ossuary)
  A howler monkey skeleton (D:4)
  3 gnolls (D:5)
  10 adders
  An ufetubus (D:3)
  3 adder zombies (Ossuary)
  3 adder skeletons
  A worm (D:2)
  3 dart slugs
  14 orcs
  9 ball pythons
  An endoplasm (D:3)
  3 giant cockroaches
  8 gnoll zombies (Ossuary)
  12 goblins
  7 hobgoblins
  2 jackals (D:4)
  5 kobolds
  4 quokkas
  7 bats
  4 frilled lizards
  8 hobgoblin zombies (Ossuary)
  6 kobold zombies (Ossuary)
  4 orc zombies (Ossuary)
  A rat (D:1)
  2 rat zombies (D:5)
156 creatures vanquished.

Vanquished Creatures (others)
  Robin (D:2)
  2 demonic plants (D:1)
3 creatures vanquished.

Grand Total: 159 creatures vanquished

Notes
Turn   | Place    | Note
-------+----------+-------------------------------------------
     0 | D:1      | RighteousDevil the Deep Dwarf Gladiator began the quest for
                  | the Orb.
     0 | D:1      | Reached XP level 1. HP: 19/19 MP: 1/1
   105 | D:1      | Reached skill level 4 in Axes
   105 | D:1      | Reached XP level 2. HP: 26/26 MP: 2/2
   315 | D:1      | Found a faded altar of an unknown god.
   848 | D:2      | Found a sacrificial altar of Ru.
   901 | D:2      | Reached XP level 3. HP: 28/32 MP: 3/3
  1241 | D:2      | Reached skill level 5 in Axes
  1288 | D:2      | Reached XP level 4. HP: 22/39 MP: 4/4
  1289 | D:2      | Noticed Robin
  1301 | D:2      | Killed Robin
  1650 | D:3      | Found Plog's One-of-a-Kind Rings.
  1710 | D:3      | Reached skill level 6 in Axes
  1722 | D:3      | Found an ornate altar of the Wu Jian Council.
  1763 | D:3      | Found a white marble altar of Elyvilon.
  1803 | D:3      | Found a blossoming altar of Fedhas.
  1917 | D:3      | Found a hide-covered altar of Uskayaw.
  1980 | D:3      | Reached XP level 5. HP: 39/45 MP: 5/5
  2089 | D:3      | Found a runed translucent door.
  2090 | D:3      | Noticed Crazy Yiuf
  2114 | D:3      | Found a shadowy altar of Dithmenos.
  2172 | D:3      | Identified the +4 leather armour "Nasyeqept" {Int+3}
  2496 | D:4      | Reached skill level 7 in Axes
  2519 | D:4      | Noticed Menkaure
  2530 | D:4      | Killed Menkaure
  2531 | D:4      | Reached XP level 6. HP: 49/52 MP: 5/5
  2540 | D:4      | Found Siuxeluso's Magic Scroll Shop.
  2550 | D:4      | Bought a scroll of enchant weapon for 75 gold pieces
  2550 | D:4      | Bought a scroll of identify for 20 gold pieces
  2594 | D:4      | Found a shimmering altar of Xom.
  2599 | D:4      | Noticed a water moccasin
  2612 | D:4      | Killed a water moccasin
  2613 | D:4      | Reached skill level 8 in Axes
  2626 | D:4      | Reached XP level 7. HP: 52/58 MP: 6/6
  2689 | D:4      | Reached skill level 9 in Axes
  2868 | D:4      | Noticed Sigmund
  2881 | D:4      | Killed Sigmund
  2882 | D:4      | Reached skill level 10 in Axes
  2906 | D:4      | Noticed Edmund
  2917 | D:4      | Killed Edmund
  3129 | D:4      | Bought a scroll of identify for 20 gold pieces
  3129 | D:4      | Bought a scroll of identify for 20 gold pieces
  3153 | D:5      | Entered Level 5 of the Dungeon
  3162 | D:5      | Reached XP level 8. HP: 63/66 MP: 7/7
  3191 | D:5      | Reached skill level 11 in Axes
  3421 | D:5      | Noticed Ijyb
  3432 | D:5      | Killed Ijyb
  3491 | D:5      | Found a sand-covered staircase.
  3498 | Ossuary  | Entered an ossuary
  3530 | Ossuary  | Reached skill level 12 in Axes
  4251 | D:6      | Reached skill level 13 in Axes
  4257 | D:6      | Gained mutation: You passively map the area around you.
                  | [Deep Dwarf growth]
  4257 | D:6      | Reached XP level 9. HP: 55/73 MP: 6/6
  4643 | D:6      | Found Penliriv's Distillery.
  4649 | D:6      | Bought a potion of degeneration for 10 gold pieces
  4717 | D:6      | Killed from afar by an acid dragon

Illustrated notes

Levels and vault maps discovered:
D:1:      dpeg_arrival_rooms_with_view, layout_basic,
          shapermc_ecumenical_altar_gd, dk_noncrumbling_2, minmay_ruptured
D:2:      layout_rooms, basic_altar, grunt_decor_arrowhead,
          kennysheep_decorative_pillar, hangedman_glass_teeth, uniq_robin
D:3:      layout_loops_ring, nicolae_overflow_crystal_walls,
          lemuel_doored_altar, nzn_wu_jian_contemplation,
          mainiacjoe_overflow_alcove_1, eat_drink_and_be_merry_uskayaw,
          chequers_serial_rivers_small_a, nicolae_shop_unique_rings,
          roderic_lattice_a, kennysheep_generic_room_9, uniq_crazy_yiuf_cottage
D:4:      layout_cave_pools, xom_teletrap_fun, serial_shops,
          nicolae_shop_advertising_works [nicolae_subvault_shop_adworks],
          sigmund_edmund_badplayer, uniq_menkaure, uniq_edmund
D:5:      layout_loops_ring, enter_ossuary_4, uniq_ijyb
D:6:      layout_gridville, serial_shops, shop, minmay_starry_boxes

Skill      XL: |  1  2  3  4  5  6  7  8 |
---------------+-------------------------+-----
Axes           | 4 5 6 7 8 10 13 | 13.5
Fighting       | |  1.7
Throwing       | |  1.7
Dodging        | |  3.2

Action                   |  1- 3 |  4- 6 |  7- 9 || total
-------------------------+-------+-------+-------++-------
Melee: War axe           |    97 |   119 |   157 ||   373
       Punch             |     1 |     3 |     5 ||     9
 Abil: Heal Wounds       |       |     4 |     4 ||     8
  Use: Potion            |       |     1 |     1 ||     2
       Scroll            |       |     5 |     5 ||    10
 Stab: Sleeping          |     1 |       |     1 ||     2
       Distracted        |       |     1 |       ||     1
Armor: Leather armour    |    44 |    28 |    30 ||   102
       Ring mail         |       |       |    14 ||    14
Dodge: Dodged            |    78 |    74 |    60 ||   212
Block: Other             |       |    26 |    28 ||    54
